 Dungeon Crawl Stone Soup version 0.25-a0-507-gf66f01b (webtiles) character file.

Game seed: 4112384485407672775, levelgen mode: deterministic

7 CanOfBees the Caller (level 2, -2/16 HPs)
             Began as a Tengu Summoner on Feb 14, 2020.
             Slain by a worm (11 damage)
             ... on level 2 of the Dungeon.
             The game lasted 00:01:29 (662 turns).

CanOfBees the Caller (Tengu Summoner)                Turns: 662, Time: 00:01:29

Health: -2/16      AC:  3    Str:  8    XL:     2   Next: 0%
Magic:  0/6        EV: 13    Int: 15    God:
Gold:   40         SH:  0    Dex: 14    Spells: 4/5 levels left

rFire    . . .     SeeInvis .   k - +0 dagger
rCold    . . .     Gourm    .   (no shield)
rNeg     . . .     Faith    .   a - +0 robe
rPois    .         Spirit   .   (helmet restricted)
rElec    .         Reflect  .   m - +0 cloak (curse)
rCorr    .         Harm     .   (no gloves)
MR       .....                  (boots unavailable)
Stlth    ++........             (no amulet)
HPRegen  0.05/turn              (no ring)
MPRegen  0.10/turn              (no ring)

@: no status effects
A: beak, talons 3
a: no special abilities


You were on level 2 of the Dungeon.
You were not hungry.

You visited 1 branch of the dungeon, and saw 2 of its levels.

You collected 40 gold pieces.

Inventory:

Hand Weapons
 k - a +0 dagger (weapon)
Missiles
 b - 12 arrows
 d - 29 bolts
 e - 79 stones (quivered)
 i - 18 sling bullets
 j - 17 poisoned darts
Armour
 a - a +0 robe (worn)
 m - a cursed +0 cloak (worn)
Scrolls
 g - a scroll of fog {unknown}
 h - a scroll of noise {unknown}
 l - a scroll of amnesia {unknown}
Comestibles
 c - 2 rations
 f - a chunk of flesh


   Skills:
 + Level 0.4 Fighting
 + Level 2.3 Dodging
 - Level 2.0 Stealth
 + Level 2.1 Spellcasting
 * Level 5.0 Summonings


You had 4 spell levels left.
You knew the following spells:

 Your Spells              Type           Power        Failure   Level  Hunger
a - Summon Small Mammal   Summ           ###.         2%          1    #......

Your spell library contained the following spells:

 Spells                   Type           Power        Failure   Level  Hunger
 Call Imp                 Summ           ###.....     4%          2    ###....
 Call Canine Familiar     Summ           ###.....     9%          3    ###....
 Summon Guardian Golem    Hex/Summ       #.......     24%         3    ###....
 Summon Ice Beast         Ice/Summ       #.......     61%         4    #####..
 Summon Lightning Spire   Summ/Air       #.......     61%         4    #####..


Dungeon Overview and Level Annotations

Branches:
Dungeon (2/15)

Altars:


Innate Abilities, Weirdness & Mutations

You have a beak for a mouth.
You have claws for feet.


Message History

You hit the worm. You peck the worm, but do no damage.
The worm is lightly wounded.
Your bat barely misses the worm.
Your bat hits the worm but does no damage.
Your quokka barely misses the worm.
The worm bites you.
You hit the worm.
The worm is moderately wounded.
Your bat hits the worm.
Your quokka bites the worm but does no damage.
Your bat barely misses the worm.
The worm barely misses you.
You hit the worm. You claw the worm.
The worm is heavily wounded.
Your bat closely misses the worm.
Your bat hits the worm but does no damage.
Your quokka bites the worm.
You hit the worm. You peck the worm, but do no damage.
The worm is severely wounded.
Your bat hits the worm.
Your quokka bites the worm.
The worm bites you!
Ouch! That really hurt!
You die...

.####...#
.......# ..#...#
..... #... #b.#
#..# #wr# #r@##
####b..######.#
...............#
#####.#...##....
#.#...# .
#.#...# #.#...#
#.#...# #...#


You could see a worm, a friendly quokka, 2 friendly bats and a friendly rat.

Vanquished Creatures
  2 goblins
  A bat (D:1)
  2 rats
5 creatures vanquished.

Vanquished Creatures (collateral kills)
  A goblin (D:1)
  A kobold (D:1)
  A rat (D:1)
3 creatures vanquished.

Grand Total: 8 creatures vanquished

Notes
Turn   | Place    | Note
-------+----------+-------------------------------------------
     0 | D:1      | CanOfBees the Tengu Summoner began the quest for the Orb.
     0 | D:1      | Reached XP level 1. HP: 10/10 MP: 4/4
   543 | D:2      | Reached skill level 5 in Summonings
   658 | D:2      | Reached XP level 2. HP: 15/16 MP: 0/6
   662 | D:2      | Slain by a worm

Levels and vault maps discovered:
D:1:      minmay_arrival_plants_in_alcoves, layout_rooms
D:2:      layout_basic, nicolae_overflow_crystal_walls

Skill      XL: |  1 |
---------------+----+-----
Summonings     | 5 |  5.0
Fighting       | |  0.4
Dodging        | |  2.3
Stealth        | |  2.0
Spellcasting   | |  2.1

Action                   || total
-------------------------++-------
Melee: Dagger            ||     8
       Peck              ||     4
       Kick              ||     3
       Unarmed           ||     2
Throw: Stone             ||     2
 Cast: Summon Small Mamm ||    12
Armor: Robe              ||     1
Dodge: Dodged            ||     8

Table legend:
 A = Non-vault XP
 B = Vault XP
 C = Vault XP percentage of total XP
 D = Non-vault monster count
 E = Vault monster count
 F = Vault count percentage of total count
                 A         B        C        D         E       F
            +---------+---------+-------+---------+---------+-------
      Total |      10 |       0 |   0.0 |       8 |       0 |   0.0
            +---------+---------+-------+---------+---------+-------
        D:1 |       7 |       0 |   0.0 |       6 |       0 |   0.0
        D:2 |       3 |       0 |   0.0 |       2 |       0 |   0.0
            +---------+---------+-------+---------+---------+-------
